 Dungeon Crawl Stone Soup version 0.29.1-2-gbd0b4ee654 (webtiles) character file.

Game seed: 12705508189556438463

473 MrSixtyFour the Covert (level 7, 0/40 HPs)
             Began as a Kobold Brigand on Nov 25, 2022.
             Slain by an ogre
             ... wielding a +0 giant spiked club
              (14 damage)
             ... on level 4 of the Dungeon.
             The game lasted 00:23:42 (4529 turns).

MrSixtyFour the Covert (Kobold Brigand)             Turns: 4529, Time: 00:23:43

Health: 0/40       AC: 17    Str:  4    XL:     7   Next: 32%
Magic:  7/7        EV: 15    Int: 12    God:
Gold:   215        SH:  0    Dex: 27    Spells: 6/6 levels left

rFire   . . .      SeeInvis +   B - +2 dagger (protect)
rCold   x . .      Faith    .   (no shield)
rNeg    . . .      Spirit   .   o - +2 leather armour of Ulups {rElec rC- Str-4 Dex+8}
rPois   .          Reflect  .   D - +0 helmet
rElec   +          Harm     .   c - +0 cloak
rCorr   .          Rampage  .   (no gloves)
Will    .....                   v - +2 pair of boots
Stlth   +++++.....              (no amulet)
HPRegen 0.13/turn               n - ring of see invisible
MPRegen 0.10/turn               g - ring of flight

@: under a protective aura, flying
A: small, no large weapons, nightstalker 3
a: no special abilities


You were on level 4 of the Dungeon.
You visited 1 branch of the dungeon, and saw 4 of its levels.

You collected 241 gold pieces.
You spent 26 gold pieces at shops.

Inventory:

Hand Weapons
 a - a +2 dagger
 B - a +2 dagger of protection (weapon)
Missiles
 d - 15 poisoned darts (quivered)
 e - 3 curare-tipped darts
 m - 3 atropa-tipped darts
 y - 18 stones
 z - 3 throwing nets
Armour
 c - a +0 cloak (worn)
 f - an orb of wrath
 o - the +2 leather armour of Ulups (worn) {rElec rC- Str-4 Dex+8}
   (You found it on level 3 of the Dungeon)

   Str:       It affects your strength (-4).
   Dex:       It affects your dexterity (+8).
   rC:        It makes you vulnerable to cold.
   rElec:     It insulates you from electricity.
 v - a +2 pair of boots (worn)
 D - a +0 helmet (worn)
Jewellery
 g - a ring of flight (right hand)
 n - a ring of see invisible (left hand)
Wands
 C - a wand of quicksilver (6)
Scrolls
 j - 4 scrolls of enchant armour
 k - a scroll of enchant weapon
 r - 2 scrolls of teleportation
 s - 2 scrolls of amnesia
 t - a scroll of noise {unknown}
 A - a scroll of poison {unknown}
 E - a scroll of fear {unknown}
Potions
 b - 2 potions of flight {unknown}
 h - 2 potions of heal wounds {unknown}
 i - 2 potions of brilliance {unknown}
 l - 3 potions of lignification {unknown}
 p - 2 potions of haste {unknown}
 q - a potion of resistance {unknown}
 u - a potion of magic {unknown}
 w - a potion of degeneration {unknown}
 x - a potion of curing {unknown}


   Skills:
 + Level 2.8 Fighting
 + Level 4.9 Short Blades
 * Level 3.7 Throwing
 + Level 1.5 Armour
 + Level 2.6 Dodging
 + Level 8.4 Stealth


You had 6 spell levels left.
You didn't know any spells.
Your spell library contained the following spells:

 Spells                   Type           Power      Damage    Failure   Level
 Beastly Appendage        Tmut           0%         N/A       50%         1
 Sandblast                Erth           0%         2d4       50%         1
 Passwall                 Tmut/Erth      0%         N/A       65%         2
 Wereblood                Tmut           0%         N/A       65%         2
 Frozen Ramparts          Ice            0%         1d1       86%         3
 Spider Form              Tmut/Pois      0%         N/A       86%         3
 Stone Arrow              Conj/Erth      0%         3d7       86%         3
 Ice Form                 Ice/Tmut       0%         N/A       99%         4
 Summon Ice Beast         Ice/Summ       0%         N/A       99%         4


Dungeon Overview and Level Annotations

Branches:
Dungeon (4/15)
 Temple: D:4-7

Altars:
Elyvilon

Shops:
D:2 ?   D:3 (:[   D:4 :

Annotations:
D:4 1 transporter, DemonSlayer's ghost, amateur DsFE


Innate Abilities, Weirdness & Mutations

You are small and have problems with some larger weapons.
You are completely attuned to the shadows.


Message History

Okay, then.
You drop a +2 dagger.
You see here a +2 dagger.
Throw: 15 darts (poison)
Press: ? - help, Q - select action, (/) - cycle Shift-Dir - straight line, f - you
Okay, then.
a - a +2 dagger You fly up into the air.
g - a ring of flight (right hand)
Press: ? - help, v - describe, . - travel A transporter.
There is a transporter here.
You enter the transporter and appear at another place.
An ogre comes into view. It is wielding a +0 giant spiked club.
DemonSlayer's ghost turns its malevolent gaze towards you.
You hear a shout!
DemonSlayer's ghost hits you.
You hit DemonSlayer's ghost but do no damage.
Your weapon exudes an aura of protection.
You barely miss DemonSlayer's ghost.
DemonSlayer's ghost hits you but does no damage.
You closely miss DemonSlayer's ghost. DemonSlayer's ghost closely misses you.
You hit the ogre.
The ogre is lightly wounded.
The ogre barely misses you. DemonSlayer's ghost barely misses you.
You hit the ogre.
The ogre is lightly wounded.
You hit the ogre.
The ogre is moderately wounded.
DemonSlayer's ghost says, "Would you like to be cremated?"
DemonSlayer's ghost misses you. The ogre closely misses you.
You hit the ogre.
The ogre is heavily wounded.
The ogre hits you with the +9 giant club of a Billion Defenders {flame, rPois}!!
Ouch! That really hurt!
The ogre burns you.
DemonSlayer's ghost hits you but does no damage.
The ogre attacks as you move away!
The ogre hits you with a +0 giant spiked club!
You die...

.......#..#.....................#
.......#..#.................##..#
.......#..#.................#...#
.......#..#.................#..#.
.......#..#.)..########.....#..'.
.......#'##...)#.....W#.....##'##
............).##.#..#.#..#.......
.....).......)##WO##..#..#<......
..............'#@O##..#..#.......
..............##.#..#.#©.#.......
..............##©....$#..........
##......########.#..#$#©.#####...
.'......#....# #..##..#..# #...
.#......#....# #..##..#..# #...
.#......#....# #.#..#.#..# #...
.#......#....# .©#..# #...
##......#...##### ####..# #...


You could see 2 ogres and DemonSlayer's ghost.

Vanquished Creatures
  Sigmund (D:2)
  A sky beast (D:4)
  2 iguanas (D:4)
  4 gnolls (D:4)
  5 adders
  An ufetubus (D:4)
  3 worms
  A dart slug (D:1)
  2 orcs (D:4)
  8 ball pythons
  5 bats
  3 endoplasms
  4 giant cockroaches
  8 goblins
  11 hobgoblins
  8 jackals
  2 kobolds
  5 quokkas
  3 frilled lizards
  7 rats
84 creatures vanquished.

Notes
Turn   | Place    | Note
-------+----------+-------------------------------------------
     0 | D:1      | MrSixtyFour the Kobold Brigand began the quest for the Orb.
     0 | D:1      | Reached XP level 1. HP: 12/12 MP: 1/1
    45 | D:1      | Reached XP level 2. HP: 17/17 MP: 2/2
   203 | D:1      | Found a faded altar of an unknown god.
   321 | D:1      | Reached skill level 6 in Stealth
   606 | D:1      | Reached XP level 3. HP: 21/21 MP: 3/3
  1087 | D:2      | Reached XP level 4. HP: 27/27 MP: 4/4
  1171 | D:2      | Noticed Sigmund
  1299 | D:2      | Found Loukiryss's Magic Scroll Emporium.
  1333 | D:2      | Reached skill level 7 in Stealth
  1540 | D:2      | Bought a scroll of identify for 26 gold pieces
  1827 | D:2      | Killed Sigmund
  1828 | D:2      | Reached skill level 1 in Armour
  1828 | D:2      | Reached XP level 5. HP: 20/31 MP: 5/5
  1828 | D:2      | Reached XP level 6. HP: 24/36 MP: 6/6
  2240 | D:2      | Reached skill level 8 in Stealth
  2438 | D:3      | Found a white marble altar of Elyvilon.
  2450 | D:3      | Found Mihanaf's Book Shop.
  2649 | D:3      | Identified the +2 leather armour of Ulups {rElec rC- Str-4
                  | Dex+8}
  2812 | D:3      | Found Xehoduocs's Armour Shop.
  3278 | D:3      | Found Dyam's Antique Weapon Shop.
  3560 | D:4      | Found Vuhecvut's Book Shop.
  3901 | D:4      | Noticed a sky beast
  3915 | D:4      | Killed a sky beast
  3916 | D:4      | Reached XP level 7. HP: 40/40 MP: 7/7
  4191 | D:4      | Identified the +9 giant club of a Billion Defenders {flame,
                  | rPois}
  4192 | D:4      | Noticed DemonSlayer's ghost (amateur DsFE)
  4193 | D:4      | Found a transporter.
  4198 | D:4      | Found a transporter.
  4529 | D:4      | Slain by an ogre

Illustrated notes

Levels and vault maps discovered:
D:1:      scummos_arrival_forest, layout_rooms,
          hellmonk_ecumenical_altar_pennies_from_heaven, minmay_quantized
D:2:      layout_basic, serial_shops, shop, uniq_sigmund
D:3:      layout_basic, mainiacjoe_overflow_tiny_flanked, serial_shops, shop,
          nicolae_square_shop, shop_coins, chequers_serial_rivers_room_b,
          chequers_arboretum, minmay_randomly_rotated_circles
D:4:      layout_gridville, serial_shops, nicolae_stop_n_shop_2,
          gammafunk_ghost_smash, minmay_misc_feat_hallway

Skill      XL: |  1  2  3  4  5  6 |
---------------+-------------------+-----
Short Blades   | 3 4 |  4.9
Stealth        | 6 7 8 |  8.4
Throwing       | 3 |  3.7
Armour         | 1 |  1.5
Dodging        | 2 |  2.6
Fighting       | |  2.8

Action                   |  1- 3 |  4- 6 |  7- 9 || total
-------------------------+-------+-------+-------++-------
Melee: Dagger            |    38 |   177 |    35 ||   250
       Punch             |       |     1 |       ||     1
Throw: Dart              |       |     7 |       ||     7
  Use: Scroll            |       |     3 |     2 ||     5
 Stab: Sleeping          |    19 |    10 |     8 ||    37
Armor: Robe              |     2 |       |       ||     2
       Leather armour    |     1 |    50 |     8 ||    59
       Pearl dragon scal |       |     4 |       ||     4
Dodge: Dodged            |    13 |   138 |    12 ||   163
